 Dungeon Crawl Stone Soup version 0.29-a0-1023-g6ae1a4a2c7 (webtiles) character file.

Game seed: 15816235415947330637

84 27heaven the Cudgeller (level 4, -1/29 HPs)
             Began as a Demonspawn Gladiator on Aug 11, 2022.
             Was a Follower of Okawaru.
             Slain by Terence
             ... wielding a +1 mace of protection
              (3 damage)
             ... on level 3 of the Dungeon.
             The game lasted 00:02:26 (2730 turns).

27heaven the Cudgeller (Demonspawn Gladiator)       Turns: 2730, Time: 00:02:26

Health: -1/29      AC: 14    Str: 16    XL:     4   Next: 24%
Magic:  2/3        EV: 12    Int: 10    God:    Okawaru [*.....]
Gold:   85         SH:  0    Dex: 14    Spells: 3/3 levels left

rFire   . . .      SeeInvis .   a - +0 flail
rCold   + . .      Faith    .   p - orb {mayhem}
rNeg    . . .      Spirit   .   j - +0 scale mail
rPois   .          Reflect  .   (helmet restricted)
rElec   .          Harm     .   u - +0 cloak
rCorr   .          Rampage  .   (no gloves)
Will    .....                   (no boots)
Stlth   ++........              (no amulet)
HPRegen 0.09/turn               m - +4 ring of protection
MPRegen 0.08/turn               o - ring of protection from cold

@: heroic
A: horns 2, thin metallic scales 1, frail 1, low MP 1, subdued magic 1
a: Renounce Religion, Heroism


You were on level 3 of the Dungeon.
You worshipped Okawaru.
Okawaru was aware of your devotion.
You visited 1 branch of the dungeon, and saw 3 of its levels.

You collected 85 gold pieces.

Inventory:

Hand Weapons
 a - a +0 flail (weapon)
Missiles
 d - 3 throwing nets (quivered)
 e - a javelin
Armour
 c - a +0 helmet
 j - a +0 scale mail (worn)
 p - an orb of mayhem (worn)
 u - a +0 cloak (worn)
Jewellery
 m - a +4 ring of protection (left hand)
 o - a ring of protection from cold (right hand)
Scrolls
 f - 5 scrolls of identify {unknown}
 g - 2 scrolls of enchant weapon {unknown}
 i - a scroll of amnesia {unknown}
 l - 2 scrolls of teleportation {unknown}
 n - a scroll of vulnerability {unknown}
 r - a scroll of fear {unknown}
 s - a scroll of noise {unknown}
Potions
 b - a potion of ambrosia {unknown}
 h - a potion of mutation
 k - a potion of flight {unknown}
 q - a potion of curing {unknown}
 t - a potion of haste {unknown}
 v - a potion of attraction {unknown}
 w - 2 potions of resistance {unknown}


   Skills:
 - Level 2.0(7.0) Fighting
 + Level 4.6(9.6) Maces & Flails
 - Level 1.7(6.7) Throwing
 - Level 2.6(7.6) Dodging


You had 3 spell levels left.
You didn't know any spells.
Your spell library contained the following spells:

 Spells                   Type           Power      Damage    Failure   Level
 Freeze                   Ice            0%         1d3       73%         1
 Poisonous Vapours        Pois/Air       0%         N/A       86%         2
 Corpse Rot               Necr/Pois/Air  0%         N/A       100%        4


Dungeon Overview and Level Annotations

Branches:
Dungeon (3/15)

Altars:
Okawaru
Trog

Annotations:
D:3 Terence


Innate Abilities, Weirdness & Mutations

You have a pair of horns on your head.
You are partially covered in thin metallic scales. (AC +2)
You are frail. (-10% HP)
Your magical capacity is low. (-10% MP)
Your spells are a little easier to cast, but a little less powerful.


Message History

The ball python grabs you. The ball python constricts you.
The ball python bites you but does no damage.
The ball python constricts you.
You hit the ball python.
The ball python is moderately wounded.
The ball python bites you but does no damage.
The ball python constricts you.
You barely miss the ball python.
The ball python is moderately wounded.
The ball python barely misses you. The ball python constricts you.
The ball python bites you. The ball python constricts you.
You thump the ball python!
You kill the ball python!
Okawaru accepts your kill.
Terence flies into a frenzy!
Terence barely misses you.
Terence hits you with a +1 mace of protection!
Terence closely misses you. Terence hits you but does no damage.
You barely miss Terence. Terence closely misses you.
You barely miss Terence. Terence barely misses you.
Terence hits you but does no damage. Terence barely misses you.
You gain the combat prowess of a mighty hero.
Terence hits you but does no damage.
You hit Terence.
Terence is lightly wounded.
Terence hits you with a +1 mace of protection. x2
You barely miss Terence.
Terence is lightly wounded.
Terence hits you with a +1 mace of protection!
* * * LOW HITPOINT WARNING * * *
You closely miss Terence. You headbutt Terence.
Terence is moderately wounded.
Terence hits you with a +1 mace of protection!
* * * LOW HITPOINT WARNING * * *
It was a potion of mutation.
You feel extremely strange.
You feel frail.
Your connection to magic feels subdued.
You feel less energetic. The horns on your head grow some more.
Terence barely misses you.
Terence hits you with a +1 mace of protection.
You die...

#.......##...
####.###.###.... ###
#........# ##... .. #
#.##.##### ##.# # #.
#.#.##.# #.#
#.##.##.#.##.# #.#
......#......# ##'# #.
#..###.###### ##...
.##.#..@@.......# ##....
........##.##.#.# #.....
.##.##..##......###......
..................+..)...
.##.###.###.....###......
# #.. ......# ##..... ###
#.##### ##.... #.# ##...
#.# ##+#


You could see the neutral Terence (fast, strong, insane).

Vanquished Creatures
  4 adders
  5 orcs
  2 endoplasms (D:1)
  2 giant cockroaches
  A goblin (D:1)
  6 hobgoblins
  5 kobolds
  A quokka (D:1)
  6 ball pythons
  4 bats
  2 frilled lizards (D:2)
  5 rats
43 creatures vanquished.

Notes
Turn   | Place    | Note
-------+----------+-------------------------------------------
     0 | D:1      | 27heaven the Demonspawn Gladiator began the quest for the
                  | Orb.
     0 | D:1      | Reached XP level 1. HP: 16/16 MP: 1/1
   122 | D:1      | Reached skill level 3 in Maces & Flails
   585 | D:1      | Gained mutation: You are partially covered in thin metallic
                  | scales. (AC +2) [demonic ancestry]
   585 | D:1      | Reached XP level 2. HP: 14/22 MP: 2/2
   898 | D:1      | Found a faded altar of an unknown god.
   909 | D:1      | Got Plato's Grimoire of Hoarfrost
   988 | D:1      | Prayed at the altar of an unknown god.
   988 | D:1      | Became a worshipper of Warmaster Okawaru
   988 | D:1      | Reached * piety under Okawaru
  1477 | D:1      | Found a bloodstained altar of Trog.
  1550 | D:2      | Gained mutation: You have a pair of small horns on your
                  | head. [demonic ancestry]
  1550 | D:2      | Reached XP level 3. HP: 22/27 MP: 3/3
  1656 | D:2      | Reached skill level 4 in Maces & Flails
  2015 | D:2      | Reached XP level 4. HP: 30/33 MP: 4/4
  2717 | D:3      | Noticed Terence
  2730 | D:3      | Gained mutation: You are frail. (-10% HP) [potion of
                  | mutation]
  2730 | D:3      | Gained mutation: Your spells are a little easier to cast,
                  | but a little less powerful. [potion of mutation]
  2730 | D:3      | Gained mutation: Your magical capacity is low. (-10% MP)
                  | [potion of mutation]
  2730 | D:3      | Gained mutation: You have a pair of horns on your head.
                  | [potion of mutation]
  2730 | D:3      | Slain by Terence

Illustrated notes

Levels and vault maps discovered:
D:1:      dpeg_arrival_water_altar, layout_loops_corners,
          shapermc_ecumenical_altar_rom_forum
D:2:      layout_basic
D:3:      layout_loops_corners, uniq_ijyb, uniq_terence

Skill      XL: |  1  2  3 |
---------------+----------+-----
Maces & Flails | 3 4 |  4.6
Fighting       | |  2.0
Throwing       | |  1.7
Dodging        | |  2.6

Action                   |  1- 3 |  4- 6 || total
-------------------------+-------+-------++-------
Melee: Flail             |   137 |    29 ||   166
       Punch             |     2 |       ||     2
       Headbutt          |     6 |     9 ||    15
Invok: Heroism           |       |     1 ||     1
  Use: Potion            |       |     1 ||     1
Armor: Leather armour    |    15 |       ||    15
       Scale mail        |    75 |    15 ||    90
Dodge: Dodged            |   118 |    14 ||   132

Table legend: (Time is in decaauts)
 A = Elapsed time spent in this place.
 B = Non-inter-level travel time spent in this place.
 C = Inter-level travel time spent in this place.
 D = Time resting spent in this place.
 E = Time spent auto-exploring this place.
 F = Levels seen in this place.
 G = Mean time per level.
                   A        B        C        D        E       F      G
               +--------+--------+--------+--------+--------+-----+--------+
         Total |   2768 |   2696 |     72 |    130 |   2094 |   3 |  922.7 |
       Dungeon |   2768 |   2696 |     72 |    130 |   2094 |   3 |  922.7 |
               +--------+--------+--------+--------+--------+-----+--------+

Top non-repeatable levels by time:
     D:1: 1694 daAuts
     D:2: 945 daAuts
     D:3: 127 daAuts
